 Dungeon Crawl Stone Soup version 0.31-a0-237-g2d982f9f85 (webtiles) character file.

Game seed: 7901369124007714845

132 qw the Shooter (level 4, 0/37 HPs)
             Began as a Minotaur Hexslinger on July 11, 2023.
             Slain by an orc wizard
             ... wielding a +0 dagger
              (4 damage)
             ... on level 3 of the Dungeon.
             The game lasted 00:00:55 (1789 turns).

qw the Shooter (Minotaur Hexslinger)                Turns: 1789, Time: 00:00:56

Health: 0/37       AC: 10    Str: 13    XL:     4   Next: 92%
Magic:  4/4        EV: 11    Int: 10    God:
Gold:   102        SH:  0    Dex: 14    Spells: 4/5 levels left

rFire   . . .        Y - +2 sling
rCold   + . .        (no shield)
rNeg    . . .        h - +0 ring mail
rPois   +            (helmet restricted)
rElec   .            d - +0 cloak
rCorr   .            g - +0 pair of gloves
SInv    .            k - +2 pair of boots
Will    .....        (no amulet) Stlth
                     l - ring of poison resistance
HPRegen 0.26/turn    c - ring of protection from cold
MPRegen 0.09/turn

%: no passive effects
@: confused
A: horns 2, retaliatory headbutt
a: no special abilities


You were on level 3 of the Dungeon.
You visited 1 branch of the dungeon, and saw 3 of its levels.

You collected 138 gold pieces.
You spent 36 gold pieces at shops.


Innate Abilities, Weirdness & Mutations

You have a pair of horns on your head.
You reflexively headbutt those who attack you in melee.


   Skills:
 + Level 2.8 Fighting
 - Level 5.0 Ranged Weapons
 - Level 1.1 Armour
 - Level 2.1 Dodging
 - Level 1.0 Spellcasting
 - Level 2.0 Hexes


You had 4 spell levels left.
You knew the following spells:

 Your Spells              Type           Power      Damage    Failure   Level
a - Slow                  Hex            16%        N/A       32%         1

Your spell library contained the following spells:

 Spells                   Type           Power      Damage    Failure   Level
 Inner Flame              Hex/Fire       2%         N/A       82%         3
 Portal Projectile        Hex/Tloc       4%         N/A       82%         3
 Cause Fear               Hex            2%         N/A       97%         4

Inventory:

Hand Weapons
 Y - a +2 sling (weapon)
Armour
 d - a +0 cloak (worn)
 g - a +0 pair of gloves (worn)
 h - a +0 ring mail (worn)
 k - a +2 pair of boots (worn)
Jewellery
 c - a ring of protection from cold (right hand)
 f - a +6 ring of strength
 l - a ring of poison resistance (left hand)
Scrolls
 a - 2 scrolls of identify
 j - a scroll of brand weapon {unknown}
Potions
 b - a potion of haste
 e - a potion of mutation
 i - a potion of might {unknown}

Dungeon Overview and Level Annotations

Branches:
Dungeon (3/15)

Altars:

Shops:
D:1 *


Message History

The sling bullet hits the orc but does no damage.
The orc is almost dead.
The orc hits you but does no damage.
The orc wizard hits you but does no damage.
The orc barely misses you. Something hits you but does no damage.
The orc wizard hits you but does no damage.
You hear some strange, mumbled words.
A puff of flame appears from out of thin air!
The puff of flame hits you! The orc barely misses you.
You shoot a sling bullet.
The sling bullet hits the orc but does no damage.
The orc is almost dead.
The orc barely misses you.
The orc wizard hits you but does no damage.
The orc barely misses you.
You hear some strange, mumbled words.
A puff of flame appears from out of thin air!
The puff of flame hits you. The orc closely misses you.
You shoot a sling bullet. The sling bullet hits the orc.
You kill the orc!
The orc closely misses you. Something hits you but does no damage.
The orc wizard hits you but does no damage.
The orc hits you from afar with a +0 trident.
You shoot a sling bullet. The sling bullet hits the orc wizard.
The orc wizard is lightly wounded.
The orc closely misses you. Something hits you.
The orc wizard hits you with a +0 dagger.
The orc hits you but does no damage.
You shoot a sling bullet. The sling bullet hits the orc wizard!
The orc wizard is almost dead.
The orc hits you but does no damage. Something hits you but does no damage.
The orc wizard casts a spell at you. The puff of flame hits you.
The orc hits you but does no damage.
You hear some strange, mumbled words.
You are confused.
The orc hits you with a +0 dagger. The orc hits you but does no damage.
The orc wizard points at you and mumbles some strange words.
You resist with some effort. The orc hits you but does no damage.
Something hits you.
You die...

.#.#....#####.####
..........###....##
.....##.....##..>.######
...#.##.#.#.............
[.........####.........
..............%........
................#..####
<.........#####.#..#####
............. #o@{......
....%..........o%)......
.........#.##...o))...##
......<### ##.........#
.<.......# #...........
.......[.#..#.........##
................$.......
..>....#..............##
.......##....


You could see an orc wizard and 2 orcs.

Vanquished Creatures
  2 adders (D:2)
  3 gnolls (D:2)
  3 worms
  3 dart slugs
  3 orcs (D:3)
  3 ball pythons
  8 bats
  11 endoplasms
  6 giant cockroaches
  5 goblins
  2 hobgoblins (D:2)
  3 jackals (D:2)
  4 kobolds
  A quokka (D:2)
  5 frilled lizards
  4 rats
66 creatures vanquished.

Notes
Turn   | Place    | Note
-------+----------+-------------------------------------------
     0 | D:1      | qw the Minotaur Hexslinger began the quest for the Orb.
     0 | D:1      | Reached XP level 1. HP: 16/16 MP: 1/1
     0 | D:1      | 0 ||| qw: Version: 0.3-a-52-g30416fa
     0 | D:1      | 0 ||| qw: Game counter: 5507
     0 | D:1      | 0 ||| qw: Melee chars always use a shield: true
     0 | D:1      | 0 ||| qw: God list: Okawaru
     0 | D:1      | 0 ||| qw: Allow faded altars: false
     0 | D:1      | 0 ||| qw: Do Orc after clearing Dungeon:15 true
     0 | D:1      | 0 ||| qw: Do second Lair branch before Depths: true
     0 | D:1      | 0 ||| qw: Lair rune preference: random
     0 | D:1      | 0 ||| qw: Goals: Normal
     0 | D:1      | 0 ||| PLANNING D:1-11
   134 | D:1      | Reached skill level 3 in Ranged Weapons
   134 | D:1      | Reached XP level 2. HP: 23/23 MP: 2/2
   403 | D:1      | Found Taim's Assorted Antiques.
   413 | D:1      | 413 ||| BUYING leather armour (36 gold).
   413 | D:1      | Bought a leather armour for 36 gold pieces
   413 | D:1      | 413 ||| SHOPLISTING metallic coppery potion (16 gold, have
                  | 4).
   413 | D:1      | 413 ||| SHOPLISTING runed orcbow (117 gold, have 4).
   413 | D:1      | 413 ||| SHOPLISTING scroll labelled CUDYNULEROYW (18 gold,
                  | have 4).
   413 | D:1      | 413 ||| SHOPLISTING silvery potion (16 gold, have 4).
   549 | D:1      | Reached XP level 3. HP: 29/29 MP: 3/3
   736 | D:1      | 736 ||| UPGRADING to +0 cloak.
   741 | D:1      | 741 ||| UPGRADING to +0 pair of boots.
   746 | D:1      | 746 ||| UPGRADING to +0 pair of gloves.
   751 | D:1      | 751 ||| UPGRADING to +0 leather armour.
   761 | D:1      | 761 ||| DROPPING +0 robe.
   762 | D:1      | 762 ||| UPGRADING to +2 pair of boots.
   772 | D:1      | 772 ||| DROPPING +0 pair of boots.
   773 | D:1      | 773 ||| UPGRADING to ring of protection from cold.
   774 | D:1      | 774 ||| READING 2 scrolls labelled CUDYNULEROYW.
   775 | D:1      | 775 ||| READING scroll labelled MAZ QUTOUCE.
   779 | D:1      | 779 ||| READING scroll labelled KOENAA VOKHLAWA.
   780 | D:1      | 780 ||| DROPPING scroll of poison.
   859 | D:2      | Reached skill level 4 in Ranged Weapons
   950 | D:2      | Reached skill level 1 in Armour
  1019 | D:2      | Reached XP level 4. HP: 30/36 MP: 4/4
  1024 | D:2      | 1024 ||| FLEEEEING.
  1025 | D:2      | 1025 ||| FLEEEEING.
  1026 | D:2      | 1026 ||| STAIRDANCE
  1077 | D:1      | 1077 ||| UPGRADING to +6 ring of strength.
  1078 | D:1      | 1078 ||| READING scroll labelled PYTWIG BIUSS.
  1082 | D:2      | 1082 ||| STAIRDANCE
  1226 | D:2      | Reached skill level 5 in Ranged Weapons
  1631 | D:2      | 1631 ||| UPGRADING to +0 ring mail.
  1641 | D:2      | 1641 ||| DROPPING +0 leather armour.
  1642 | D:2      | 1642 ||| UPGRADING to ring of poison resistance.
  1644 | D:2      | 1644 ||| UPGRADING to ring of protection from cold.
  1646 | D:2      | 1646 ||| READING scroll labelled BECULUMUR.
  1647 | D:2      | 1647 ||| DRINKING 2 ruby potions.
  1648 | D:2      | 1648 ||| READING 2 scrolls of identify.
  1648 | D:2      | 1648 ||| IDENTIFYING bubbling pink potion
  1785 | D:3      | HP: 9/37 [something/puff of flame (5)]
  1788 | D:3      | HP: 4/37 [orc/+0 dagger (1)]
  1789 | D:3      | Slain by an orc wizard

Levels and vault maps discovered:
D:1:      beargit_arrival_diablo_church, layout_basic, serial_shops, shop,
          minmay_heptomino_o4
D:2:      layout_loops_ring
D:3:      layout_rooms, nzn_hepliaklqana_mist_gate

Skill      XL: |  1  2  3  4 |
---------------+-------------+-----
Ranged Weapons | 3 4 5 |  5.0
Fighting       | 2 |  2.8
Armour         | 1 |  1.1
Dodging        | |  2.1
Spellcasting   | |  1.0
Hexes          | |  2.0

Action                     |  1- 3 |  4- 6 || total
---------------------------+-------+-------++-------
   Fire: Sling             |   122 |    94 ||   216
    Use: Scroll            |     3 |     3 ||     6
         Potion            |       |     1 ||     1
 Armour: Robe              |    18 |       ||    18
         Leather armour    |     9 |    10 ||    19
         Ring mail         |       |    23 ||    23
  Dodge: Dodged            |    40 |    27 ||    67

Table legend:
 A = Non-vault XP
 B = Vault XP
 C = Vault XP percentage of total XP
 D = Non-vault monster count
 E = Vault monster count
 F = Vault count percentage of total count
                 A         B        C        D         E       F
            +---------+---------+-------+---------+---------+-------
      Total |     184 |       5 |   2.6 |      62 |       4 |   6.1
            +---------+---------+-------+---------+---------+-------
        D:1 |      42 |       5 |  10.6 |      23 |       4 |  14.8
        D:2 |     116 |       0 |   0.0 |      27 |       0 |   0.0
        D:3 |      26 |       0 |   0.0 |      12 |       0 |   0.0
            +---------+---------+-------+---------+---------+-------
